 Dungeon Crawl Stone Soup version 0.29-a0-88-g03a7b78be7 (webtiles) character file.

Game seed: 12983694770932236740

126 Sweetruy1997 the Digger (level 4, -3/39 HPs)
             Began as a Troll Earth Elementalist on Feb 5, 2022.
             Slain by an ogre (32 damage)
             ... on level 3 of the Dungeon.
             The game lasted 00:06:22 (2248 turns).

Sweetruy1997 the Digger (Troll Earth Elementalist)  Turns: 2248, Time: 00:06:23

Health: -3/39      AC:  4    Str: 16    XL:     4   Next: 84%
Magic:  0/5        EV: 10    Int: 13    God:
Gold:   84         SH:  0    Dex: 10    Spells: 1/6 levels left

rFire   . . .      SeeInvis .   (no weapon)
rCold   . . .      Faith    .   (no shield)
rNeg    + . .      Spirit   .   b - +0 robe
rPois   .          Reflect  .   (helmet restricted)
rElec   .          Harm     .   (no cloak)
rCorr   .          Rampage  .   (gloves unavailable)
Will    .....                   (boots unavailable)
Stlth   +.........              (no amulet)
HPRegen 0.93/turn               h - ring of positive energy
MPRegen 0.09/turn               (no ring)

@: very slightly contaminated
A: large, unfitting armour, claws 3, regeneration 1, shaggy fur 1, tough skin 1
a: no special abilities


You were on level 3 of the Dungeon.
You visited 1 branch of the dungeon, and saw 3 of its levels.

You collected 84 gold pieces.

Inventory:

Missiles
 c - 65 stones
Armour
 b - a +0 robe (worn)
Jewellery
 h - a ring of positive energy (left claw)
Scrolls
 d - 5 scrolls of teleportation {unknown}
 e - a scroll of blinking {unknown}
 i - a scroll of enchant weapon {unknown}
 k - 2 scrolls of magic mapping {unknown}
 l - a scroll of fear {unknown}
 m - a scroll of holy word {unknown}
 n - a scroll of identify {unknown}
 o - a scroll of brand weapon {unknown}
Potions
 a - 2 potions of curing {unknown}
 f - 2 potions of heal wounds {unknown}
 g - a potion of cancellation {unknown}
 j - a potion of mutation {unknown}


   Skills:
 + Level 1.8 Dodging
 + Level 1.2 Stealth
 + Level 0.7 Unarmed Combat
 + Level 1.9 Spellcasting
 + Level 0.6 Transmutations
 + Level 4.2 Earth Magic


You had one spell level left.
You knew the following spells:

 Your Spells              Type           Power      Damage    Failure   Level
a - Sandblast             Erth           24%        2d8       4%          1
b - Passwall              Tmut/Erth      5%         N/A       14%         2
c - Sublimation of Blood  Necr           1%         N/A       36%         2

Your spell library contained the following spells:

 Spells                   Type           Power      Damage    Failure   Level
 Stone Arrow              Conj/Erth      12%        3d7       32%         3
 Petrify                  Tmut/Erth      7%         N/A       67%         4
 Irradiate                Conj/Tmut      1%         3d13      99%         5


Dungeon Overview and Level Annotations

Branches:
Dungeon (3/15)

Altars:
Ashenzari


Innate Abilities, Weirdness & Mutations

You are too large for most types of armour.
You have claws for hands.
Your natural rate of healing is unusually fast.
You are covered in fur. (AC +1)
You have tough skin. (AC +1)


Message History

The blast of sand hits the orc!
You kill the orc!
You hear a shout!
A goblin comes into view. It is wielding a +0 club.
You hear a shout! x2
The blast of sand misses the goblin.
An ogre comes into view. It is wielding a +0 giant spiked club.
The goblin hits you with a +0 club.
The blast of sand hits the goblin.
The goblin is heavily wounded.
A hobgoblin comes into view.
The ogre closely misses you. The goblin hits you with a +0 club.
The blast of sand hits the goblin!
You kill the goblin!
The hobgoblin shouts!
You scratch the ogre.
The ogre is lightly wounded.
The ogre barely misses you.
Your magical contamination has completely faded away.
You closely miss the hobgoblin.
The hobgoblin hits you but does no damage.
You scratch the hobgoblin.
The hobgoblin is severely wounded.
The hobgoblin hits you but does no damage.
The ogre hits you with a +0 giant spiked club!
The hobgoblin closely misses you.
You scratch the hobgoblin but do no damage.
The hobgoblin is severely wounded.
The hobgoblin closely misses you.
You claw the hobgoblin!
You kill the hobgoblin!
You scratch the ogre.
The ogre is moderately wounded.
The ogre barely misses you.
You miscast Sandblast.
You are very lightly contaminated with residual magic.
Nothing appears to happen.
The ogre hits you with a +0 giant spiked club!!
Ouch! That really hurt!
You die...

#..........##..... .....#
#..........##..# .....#
#..............### ....# ..
#..........#.....####.#.### ##.##
#..........##..#...##>....##.....
#.#......[.....#...))............
#...........#.)...#.#............
#.>..............##.##..†........
#............#.#@.###...)........
#...........##.##O.##............
#............###..###............
#.#.......#...#..## ##....†......
.........#...###..#)#............
#.###.......## ##.)..............
#.# #.##.#...# #....###......#...
#.###.##...#)........##......###.
#.#........##................#


You could see an ogre.

Vanquished Creatures
  Jessica (D:2)
  4 adders
  2 dart slugs
  2 orcs (D:3)
  A bat (D:2)
  6 endoplasms
  2 giant cockroaches
  5 goblins
  5 hobgoblins
  5 jackals (D:1)
  8 kobolds
  3 quokkas
  4 ball pythons
  5 frilled lizards
  2 rats
55 creatures vanquished.

Notes
Turn   | Place    | Note
-------+----------+-------------------------------------------
     0 | D:1      | Sweetruy1997 the Troll Earth Elementalist began the quest
                  | for the Orb.
     0 | D:1      | Reached XP level 1. HP: 16/16 MP: 1/1
   165 | D:1      | Reached skill level 3 in Earth Magic
   171 | D:1      | Reached XP level 2. HP: 18/24 MP: 0/2
   342 | D:1      | Learned a level 2 spell: Passwall
   625 | D:1      | You fall into a shaft and drop 1 floor!
   701 | D:2      | Reached XP level 3. HP: 31/31 MP: 1/4
   704 | D:2      | Learned a level 2 spell: Sublimation of Blood
   747 | D:2      | Noticed Jessica
   751 | D:2      | Killed Jessica
  1011 | D:1      | Reached XP level 4. HP: 39/39 MP: 3/5
  1330 | D:2      | Found a faded altar of an unknown god.
  1646 | D:2      | Reached skill level 4 in Earth Magic
  1961 | D:3      | Found a broken altar of Ashenzari.
  2233 | D:3      | Noticed an ogre
  2248 | D:3      | Slain by an ogre

Illustrated notes

Levels and vault maps discovered:
D:1:      nzn_arrival_water_spiral, layout_basic, dk_noncrumbling_2
D:2:      layout_basic, shapermc_ecumenical_altar_ellora, uniq_jessica
D:3:      layout_rooms, cheibrodos_ashenzari_chains, minmay_between

Skill      XL: |  1  2  3  4 |
---------------+-------------+-----
Earth Magic    | 3 4 |  4.2
Dodging        | |  1.8
Stealth        | |  1.2
Unarmed Combat | |  0.7
Spellcasting   | |  1.9
Transmutations | |  0.6

Action                   |  1- 3 |  4- 6 || total
-------------------------+-------+-------++-------
Melee: Unarmed           |    22 |    13 ||    35
 Cast: Sandblast         |    25 |    37 ||    62
Armor: Robe              |     8 |     7 ||    15
Dodge: Dodged            |     9 |    11 ||    20

Table legend: (Time is in decaauts)
 A = Elapsed time spent in this place.
 B = Non-inter-level travel time spent in this place.
 C = Inter-level travel time spent in this place.
 D = Time resting spent in this place.
 E = Time spent auto-exploring this place.
 F = Levels seen in this place.
 G = Mean time per level.
                   A        B        C        D        E       F      G
               +--------+--------+--------+--------+--------+-----+--------+
         Total |   2252 |   2208 |     44 |      0 |   1911 |   3 |  750.7 |
       Dungeon |   2252 |   2208 |     44 |      0 |   1911 |   3 |  750.7 |
               +--------+--------+--------+--------+--------+-----+--------+

Top non-repeatable levels by time:
     D:1: 1006 daAuts
     D:2: 903 daAuts
     D:3: 342 daAuts
